 Dungeon Crawl Stone Soup version 0.30-a0-570-g486de37d69 (webtiles) character file.

Game seed: 8034135420070323296

23 tilp the Covered (level 3, -1/46 HPs)
             Began as a Meteoran Fighter on Dec 29, 2022.
             Slain by an orc
             ... wielding a +0 trident
              (4 damage)
             ... on level 3 of the Dungeon.
             The game lasted 00:02:24 (460 turns).

tilp the Covered (Meteoran Fighter)                  Turns: 460, Time: 00:02:24

Health: -1/46      AC:  7    Str: 17    XL:     3   Next: 29%
Magic:  4/4        EV:  9    Int: 10    God:
Gold:   52         SH:  5    Dex: 15    Spells: 2/2 levels left

rFire   . . .      SeeInvis .    a - +0 long sword
rCold   . . .      Faith    .    c - +0 buckler
rNeg    . . .      Spirit   .    i - +0 scale mail
rPois   .          Reflect  .    (no helmet)
rElec   .          Harm     .    (no cloak)
rCorr   .          Rampage  .    (no gloves)
Will    .....                    (no boots) Stlth
                                 (no amulet)
HPRegen 0.27/turn                (no ring)
MPRegen 0.09/turn                (no ring)

@: berserking, glowing, very quick
A: sense surroundings 1, otherworldly, glowing, explore regen
a: no special abilities


You were on level 3 of the Dungeon.
You visited 1 branch of the dungeon, and saw 3 of its levels.

You collected 52 gold pieces.

Inventory:

Hand Weapons
 a - a +0 long sword (weapon)
 b - a +1 dagger of venom
Missiles
 g - 12 stones (quivered)
Armour
 c - a +0 buckler (worn)
 i - a +0 scale mail (worn)
Scrolls
 j - a scroll of magic mapping {unknown}
 k - 4 scrolls of identify {unknown}
Potions
 d - a potion of might
 f - a potion of haste {unknown}
 h - a potion of attraction {unknown}
 l - a potion of lignification {unknown}


   Skills:
 + Level 3.4 Fighting
 + Level 2.6 Long Blades
 + Level 3.9 Armour
 * Level 1.5 Dodging
 + Level 0.3 Stealth
 + Level 3.8 Shields


You had 2 spell levels left.
You didn't know any spells.
Your spell library was empty.

Dungeon Overview and Level Annotations

Branches:
Dungeon (3/15) Zot: 1298

Altars:


Innate Abilities, Weirdness & Mutations

You passively map a small area around you.
You are easily found by Zot.
You glow in the dark.
You regain HP and MP as you explore.


Message History

Items here: )) [ †.
You slash the orc!
You kill the orc!
The orc hits you from afar with a +0 trident.
Things that are here:
a +0 hand axe; a silver boomerang; a +0 ring mail You are too injured to fight recklessly!
You are too injured to fight recklessly!
You closely miss something.
The orc hits you from afar with a +0 trident.
You hear some strange, mumbled words.
A magic dart appears from out of thin air!
The magic dart hits you.
* * * LOW HITPOINT WARNING * * *
You hit something but do no damage. The orc hits you but does no damage.
Something hits you but does no damage. x2; You block the orc's attack.
You closely miss something.
You hear some strange, mumbled words.
A magic dart appears from out of thin air!
The magic dart hits you.
* * * LOW HITPOINT WARNING * * *
The orc hits you from afar with a +0 trident.
* * * LOW HITPOINT WARNING * * *
Something hits you.
* * * LOW HITPOINT WARNING * * *
You closely miss something. Something hits you but does no damage.
The orc hits you but does no damage. You block something's attack.
You slash something! The orc hits you but does no damage. Something hits you.
* * * LOW HITPOINT WARNING * * *
Unknown command.
It was a potion of berserk rage.
A red film seems to cover your vision as you go berserk!
You feel yourself moving faster!
You feel mighty! The orc barely misses you. Something completely misses you.
Something hits you but does no damage.
Unknown command.
You miss something. You block the orc's attack.
Something hits you but does no damage.
You barely miss something.
The orc hits you from afar with a +0 trident.
You die...

* *
,
###
#<#
#)#
,
#@#
*
#{#
#o#
#.#
**
*#.#
,
..#
* *
###


You could see an orc.

Vanquished Creatures
  A dart slug (D:1)
  3 orcs (D:3)
  2 bats
  3 giant cockroaches
  2 goblins
  2 hobgoblins
  2 kobolds
  2 rats
17 creatures vanquished.

Notes
Turn   | Place    | Note
-------+----------+-------------------------------------------
     0 | D:1      | tilp the Meteoran Fighter began the quest for the Orb.
     0 | D:1      | Reached XP level 1. HP: 19/19 MP: 2/2
   185 | D:1      | Reached XP level 2. HP: 26/26 MP: 3/3
   236 | D:1      | Reached skill level 1 in Dodging
   357 | D:1      | You fall into a shaft and drop 1 floor!
   442 | D:2      | Reached XP level 3. HP: 28/31 MP: 4/4
   457 | D:3      | HP: 1/31 [something (2)]
   460 | D:3      | Slain by an orc

Illustrated notes

Levels and vault maps discovered:
D:1:      scummos_arrival_checkerplants, layout_basic, minmay_misc_feat_hallway,
          solitary_fountain, chequers_serial_rivers_large_b
D:2:      layout_rooms
D:3:      minmay_skewed_foursquare, layout_basic, mainiacjoe_overflow_boulevard,
          serial_shops, nicolae_shop_stone, supply_closet_lemuel

Skill      XL: |  1  2 |
---------------+-------+-----
Dodging        | 1 |  1.5
Fighting       | |  3.4
Long Blades    | |  2.6
Armour         | |  3.9
Stealth        | |  0.3
Shields        | |  3.8

Action                   || total
-------------------------++-------
Melee: Long sword        ||    58
  Use: Potion            ||     1
Armor: Scale mail        ||    33
Dodge: Dodged            ||    20
Block: Buckler           ||    19

Table legend: (Time is in decaauts)
 A = Elapsed time spent in this place.
 B = Non-inter-level travel time spent in this place.
 C = Inter-level travel time spent in this place.
 D = Time resting spent in this place.
 E = Time spent auto-exploring this place.
 F = Levels seen in this place.
 G = Mean time per level.
                   A        B        C        D        E       F      G
               +--------+--------+--------+--------+--------+-----+--------+
         Total |    500 |    436 |     64 |      0 |      0 |   3 |  166.7 |
       Dungeon |    500 |    436 |     64 |      0 |      0 |   3 |  166.7 |
               +--------+--------+--------+--------+--------+-----+--------+

Top non-repeatable levels by time:
     D:1: 391 daAuts
     D:2: 90 daAuts
     D:3: 18 daAuts
